 Dungeon Crawl Stone Soup version 0.30.1-9-gdf580d7c3d (webtiles) character file.

Game seed: 10498399058377148089

14 Hakai23 the Caller (level 2, -2/20 HPs)
             Began as a Draconian Summoner on Oct 3, 2023.
             Slain by Jessica
             ... wielding a +0 dagger
              (3 damage)
             ... on level 2 of the Dungeon.
             The game lasted 00:26:11 (413 turns).

Hakai23 the Caller (Draconian Summoner)              Turns: 413, Time: 00:26:11

Health: -2/20      AC:  4    Str: 10    XL:     2   Next: 27%
Magic:  1/5        EV: 12    Int: 15    God:
Gold:   0          SH:  0    Dex: 11    Spells: 4/5 levels left

rFire   . . .        (no weapon)
rCold   . . .        (no shield)
rNeg    . . .        (body armour unavailable)
rPois   .            (helmet restricted)
rElec   .            (no cloak)
rCorr   .            (no gloves)
SInv    .            (no boots)
Will    .....        (no amulet)
Stlth   ++           (no ring)
HPRegen 0.23/turn    (no ring)
MPRegen 0.09/turn

%: no passive effects
@: about to teleport
A: AC +4, unfitting armour, cold-blooded
a: no special abilities


You were on level 2 of the Dungeon.
You visited 1 branch of the dungeon, and saw 2 of its levels.

Inventory:

Scrolls
 c - a scroll of enchant armour {unknown}
Potions
 a - a potion of magic


   Skills:
 - Level 1.8 Dodging
 - Level 1.8 Stealth
 + Level 2.1 Spellcasting
 * Level 4.4 Summonings


You had 4 spell levels left.
You knew the following spells:

 Your Spells              Type           Power      Damage    Failure   Level
a - Summon Small Mammal   Summ           60%        N/A       3%          1

Your spell library contained the following spells:

 Spells                   Type           Power      Damage    Failure   Level
 Call Imp                 Summ           30%        N/A       5%          2
 Call Canine Familiar     Summ           15%        N/A       11%         3
 Summon Guardian Golem    Hex/Summ       8%         N/A       26%         3
 Summon Lightning Spire   Summ/Air       8%         N/A       65%         4


Dungeon Overview and Level Annotations

Branches:
Dungeon (2/15)

Altars:

Annotations:
D:2 Jessica


Innate Abilities, Weirdness & Mutations

Your plain brown scales are hard. (AC +4)
You cannot fit into any form of body armour.
You are cold-blooded and may be slowed by cold attacks.


Message History

The giant cockroach dies!
Found a scroll labelled FITIUROECW.
Found a scroll labelled JEMOLEDUKO and 4 gold pieces.
Your quokka disappears in a puff of smoke!
Jessica the Apprentice Sorceress comes into view.
She is wielding a +0 dagger and carrying a wand of roots (10).
Casting: Summon Small Mammal (safe; 3% risk of failure)
Confirm with . or Enter, or press ? or * to list all spells.
Casting: Summon Small Mammal (safe; 3% risk of failure)
Confirm with . or Enter, or press ? or * to list all spells.
Jessica closely misses your bat.
Your bat hits Jessica.
Casting: Summon Small Mammal (safe; 3% risk of failure)
Confirm with . or Enter, or press ? or * to list all spells.
Your bat disappears in a puff of smoke!
Your quokka bites Jessica.
Casting: Summon Small Mammal (safe; 3% risk of failure)
Confirm with . or Enter, or press ? or * to list all spells.
Your bat disappears in a puff of smoke!
Your quokka barely misses Jessica.
Jessica points at you and mumbles some strange words.
Pain shoots through your body!
Ouch! That really hurt!
Your quokka bites Jessica.
Jessica zaps a wand.
The roots erupt in riotous growth!
The grasping roots grab you! Roots grab your bat.
The grasping roots constrict your bat.
Your bat dies!
Your bat's corpse disappears in a puff of smoke!
The grasping roots constrict you.
* * * LOW HITPOINT WARNING * * *
You hear a shout! x8
As you read the scroll labelled ISELAE XAOGYPS, it crumbles to dust.
You feel strangely unstable.
It was a scroll of teleportation.
Your quokka misses Jessica.
Jessica mumbles some strange words.
Jessica blinks!
The grasping roots constrict you.
* * * LOW HITPOINT WARNING * * *
You escape the roots grasp.
Jessica attacks as you move away! Jessica hits you with a +0 dagger.
You die...

# #... ...
#$######..##.#
.............#
.?...##.....### #####
..............##.....
...................#
.....r..........#
.#.#§.....@....###..
....<....@......†...#
#.............#####..#
#.?.#.........#####
#...##............#
#.. ##............. ..
#..........#..
###...#####.###
.##.......###..###
.................#


You could see Jessica (ally target) and a friendly quokka (summoned).

Vanquished Creatures
  A quokka (D:1)
  A frilled lizard (D:2)
2 creatures vanquished.

Vanquished Creatures (collateral kills)
  3 endoplasms
  2 giant cockroaches
  A hobgoblin (D:1)
  2 jackals (D:1)
  A ball python (D:1)
9 creatures vanquished.

Grand Total: 11 creatures vanquished

Notes
Turn   | Place    | Note
-------+----------+-------------------------------------------
     0 | D:1      | Hakai23 the Draconian Summoner began the quest for the Orb.
     0 | D:1      | Reached XP level 1. HP: 14/14 MP: 3/3
   233 | D:1      | Reached XP level 2. HP: 20/20 MP: 1/5
   405 | D:2      | Noticed Jessica
   412 | D:2      | HP: 1/20 [constriction (3)]
   413 | D:2      | Slain by Jessica

Illustrated notes

Levels and vault maps discovered:
D:1:      lemuel_arrival_cross, layout_loops_ring, minivault_19
D:2:      minmay_roachtagon, layout_rooms, shapermc_ecumenical_altar_petra,
          uniq_robin, uniq_jessica

Action                     || total
---------------------------++-------
  Melee: Unarmed           ||     5
         Tailslap          ||     3
   Cast: Summon Small Mamm ||    23
    Use: Scroll            ||     1
   Stab: Distracted        ||     1
 Armour: Skin              ||     2
  Dodge: Dodged            ||     6
